 Dungeon Crawl Stone Soup version 0.20.0-10-g0535bb4 (webtiles) character file.

367 MDvedh the Digger (level 6, -1/53 HPs)
             Began as an Ogre Earth Elementalist on June 5, 2017.
             Slain by a scorpion (10 damage)
             ... on level 4 of the Dungeon.
             The game lasted 00:07:13 (4670 turns).

MDvedh the Digger (Ogre Earth Elementalist)         Turns: 4670, Time: 00:07:14

Health: -1/53      AC:  4    Str: 13    XL:     6   Next: 69%
Magic:  9/9        EV: 10    Int: 17    God:
Gold:   222        SH:  4    Dex: 10    Spells: 6/10 levels left

rFire    + . .     SeeInvis .   g - +0 club
rCold    . . .     Gourm    .   (no shield)
rNeg     . . .     Faith    .   c - +0 robe
rPois    .         Spirit   .   (helmet restricted)
rElec    .         Reflect  .   f - +0 cloak
rCorr    .         Harm     .   (gloves unavailable)
MR       .....                  (boots unavailable)
Stlth    ++........             (no amulet)
Regen    0.2/turn               (no ring)
MPRegen  0.2/turn               (no ring)

@: lethally poisoned (-1 -> -7)
A: unfitting armour, large bone plates 1, fire resistance 1, tough skin 1,
MP-powered wands
a: no special abilities


You were on level 4 of the Dungeon.
You were not hungry.

You visited 1 branch of the dungeon, and saw 4 of its levels.

You collected 222 gold pieces.

Inventory:

Hand Weapons
 g - a +0 club (weapon)
Missiles
 b - 70 stones (quivered)
Armour
 c - a +0 robe (worn)
 f - a +0 cloak (worn)
Jewellery
 r - a +2 ring of evasion {unknown}
Scrolls
 a - a scroll of magic mapping
 d - a scroll of fear {unknown}
 h - a scroll of teleportation {unknown}
 i - a scroll of random uselessness {unknown}
 k - 2 scrolls of amnesia {unknown}
 m - 2 scrolls of identify {unknown}
 p - a scroll of remove curse {unknown}
Potions
 o - a potion of invisibility {unknown}
Books
 e - a book of Geomancy

   Spells                             Type                      Level
   a - Sandblast                      Earth                        1
   b - Passwall                       Transmutation/Earth          2
   c - Stone Arrow                    Conjuration/Earth            3
   d - Petrify                        Transmutation/Earth          4
   e - Lee's Rapid Deconstruction     Earth                        5
Comestibles
 j - 3 chunks of flesh
 l - 2 royal jellies
 q - 5 fruits


   Skills:
 - Level 1.7 Dodging
 - Level 1.4 Stealth
 + Level 2.5 Spellcasting
 + Level 3.1 Conjurations
   Level 0.8 Transmutations
 + Level 5.6 Earth Magic


You had 6 spell levels left.
You knew the following spells:

 Your Spells              Type           Power        Failure   Level  Hunger
a - Sandblast             Erth           ###...       1%          1    #......
f - Stone Arrow           Conj/Erth      ###...       9%          3    ###....


Dungeon Overview and Level Annotations

Branches:
Dungeon (4/15)
 Temple: D:4-7

Altars:

Annotations:
D:3 joaoluisp's ghost, amateur MiBe


Innate Abilities, Weirdness & Mutations

You are too large for most types of armour.
You have tough skin. (AC +1)
You are partially covered in large bone plates. (SH +4)
Your flesh is heat resistant. (rF+)
You expend magic power (3 MP) to strengthen your wands.


Message History

Aiming: Sandblast
Press: ? - help, Shift-Dir - straight line, f/p - scorpion
Aim: a scorpion (severely wounded)
The blast of sand hits the scorpion.
The scorpion is severely wounded.
b - 70 stones You feel sick.
The scorpion stings you.
* * * LOW HITPOINT WARNING * * *
It was a potion of ambrosia.
You are confused.
You feel invigorated.
* * * LOW HITPOINT WARNING * * *
You feel sick. The scorpion barely misses you.
Okay, then.
You're too confused to move!
You feel sick. The scorpion stings you.
* * * LOW HITPOINT WARNING * * *
You're too confused to move!
You feel less invigorated.
You feel less confused.
You feel sick. The scorpion stings you!
You die...

,,,,,,,****,*,,,,,,,.!...,,,,,,,,
,****,,,,,,,,,**,,,,,...#**+***,,
,,,,,,,,,,,..***,,,,,,..# *,* *,,
,**********#.# ******##.#**,***,,
>* #.# ####..+,,_,,+,, ** #.#
#.....#******,, ###* #.#
####.###.# *** *,, ...* ######.#
#.s......#******,,
...####.<....###@##.##.....,,,,,*
.....##.))........#.##.....,*****
#....).......###....##.####**
.....##.....## #.#####.*
.....##.....# #..,,,,,*
...#.####.### ####***** ####.#
#.# ,,,..# #.# ,,,###**#.#***


You could see a scorpion.

Vanquished Creatures
  Sigmund (D:3)
  An orc wizard (D:4)
  A gnoll (D:1)
  8 adders
  An ooze (D:2)
  A worm (D:2)
  3 dart slugs
  4 leopard geckos
  3 orcs
  A giant cockroach (D:2)
  9 hobgoblins
  8 jackals
  7 kobolds
  3 quokkas (D:2)
  11 bats
  5 frilled lizards
  7 goblins
  9 rats
83 creatures vanquished.

Vanquished Creatures (others)
  2 plants (D:1)
2 creatures vanquished.

Grand Total: 85 creatures vanquished

Notes
Turn   | Place    | Note
-------+----------+-------------------------------------------
     0 | D:1      | MDvedh the Ogre Earth Elementalist began the quest for the Orb.
     0 | D:1      | Reached XP level 1. HP: 16/16 MP: 3/3
   270 | D:1      | Reached skill level 3 in Earth Magic
   552 | D:1      | Reached XP level 2. HP: 22/24 MP: 3/5
   809 | D:1      | Reached XP level 3. HP: 23/31 MP: 4/6
   865 | D:1      | Reached skill level 4 in Earth Magic
  1160 | D:1      | Learned a level 3 spell: Stone Arrow
  1665 | D:2      | Reached XP level 4. HP: 30/39 MP: 7/7
  2168 | D:2      | Reached skill level 1 in Conjurations
  2776 | D:2      | Reached XP level 5. HP: 22/45 MP: 5/8
  3594 | D:3      | Noticed Sigmund
  3602 | D:3      | Gained mutation: You are partially covered in large bone plates. (SH +4) [potion of mutation]
  3602 | D:3      | Gained mutation: You expend magic power (3 MP) to strengthen your wands. [potion of mutation]
  3602 | D:3      | Gained mutation: Your flesh is heat resistant. (rF+) [potion of mutation]
  3611 | D:3      | Killed Sigmund
  3611 | D:3      | Reached skill level 5 in Earth Magic
  3611 | D:3      | Reached XP level 6. HP: 21/53 MP: 0/9
  3620 | D:3      | HP: 1/53 [kobold/uncursed short sword (5)]
  3981 | D:3      | Noticed joaoluisp's ghost (amateur MiBe)
  4518 | D:3      | Found a faded altar of an unknown god.
  4670 | D:4      | Slain by a scorpion

Skill      XL: |  1  2  3  4  5 |
---------------+----------------+-----
Earth Magic    | 3 4 5 |  5.6
Conjurations   | 1 3 |  3.1
Dodging        | |  1.7
Stealth        | |  1.4
Spellcasting   | |  2.5
Transmutations | |  0.8

Action                   |  1- 3 |  4- 6 || total
-------------------------+-------+-------++-------
Melee: Unarmed           |    17 |       ||    17
       Club              |    77 |   163 ||   240
Throw: Stone             |     4 |       ||     4
 Cast: Sandblast         |    30 |    59 ||    89
       Stone Arrow       |       |    14 ||    14
  Use: Potion            |       |     4 ||     4
       Scroll            |       |     1 ||     1
 Stab: Sleeping          |     1 |     3 ||     4
  Eat: Chunk             |     2 |    10 ||    12
       Bread ration      |       |     1 ||     1
Armor: Robe              |    44 |    64 ||   108
Dodge: Dodged            |    81 |   141 ||   222
Block: Other             |       |    10 ||    10
